TOP OF THE 1ST |
Orem Owlz batting - Pitching for Detroit (APP) Tigers : LHP Satoru Mori
|
Pitching: LHP Satoru Mori
|
|
Batting: RHB Daniel Molina
|
0-0: Ball 1-0: Called Strike 1-1: Ball 2-1: Called Strike 2-2: Foul Ball, location: 2F 2-2: Strikes out swinging
|
Batting: RHB Brian Spry
|
0-0: Ball 1-0: Called Strike 1-1: Called Strike 1-2: Ball 2-2: Ball 3-2: Base on Balls
|
Batting: RHB Aaron Bryant
|
0-0: Called Strike 0-1: Ball 1-1: Called Strike Brian Spry steals 2nd base 1-2: Ball 2-2: Ball 3-2: Foul Ball, location: 2RF, Error on foul ball, E2 3-2: Foul Ball, location: 2F 3-2: Strikes out looking
|
Batting: RHB Ivan Barrientos
|
0-0: Ball 1-0: Ball 2-0: TRIPLE (Flyball, 78XD, EV 106.2 MPH) Brian Spry scores
|
Batting: SHB David Vigo
|
0-0: Foul Ball, location: 2F 0-1: Swinging Strike 0-2: Hit by Pitch
|
Batting: RHB Arnaud Derosiers
|
0-0: Called Strike 0-1: Ball 1-1: Called Strike 1-2: Ball 2-2: 3-RUN HOME RUN (Flyball, 78XD, EV 96.2 MPH), Distance : 395 ft
|
Batting: SHB Yuya Hirata
|
0-0: Ball 1-0: Foul Ball, location: 2F 1-1: Swinging Strike 1-2: SINGLE (Groundball, 6M, EV 105.6 MPH) (infield hit)
|
Batting: RHB Jesse Sargent
|
0-0: Called Strike Yuya Hirata is caught stealing 2nd base 2-4
|
Top of the 1st over - 4 runs, 3 hits, 1 error, 0 left on base; Orem 4 - Detroit (APP) 0 |
BOTTOM OF THE 1ST |
Detroit (APP) Tigers batting - Pitching for Orem Owlz : RHP Hector Agudelo
|
Pitching: RHP Hector Agudelo
|
|
Batting: LHB Timotheus Young
|
0-0: Ball 1-0: Swinging Strike 1-1: Ball 2-1: Foul Ball, location: 2F 2-2: Ball 3-2: Base on Balls
|
Batting: RHB Kevin Steed
|
0-0: Foul Ball, location: 2F 0-1: Ball 1-1: Ball 2-1: Called Strike 2-2: Fielders Choice at 2nd, 4-6 (Groundball, 4, EV 103.8 MPH)
|
Batting: RHB Norm Wood
|
0-0: Ball 1-0: DOUBLE (Flyball, 89D, EV 113.8 MPH) Kevin Steed to third
|
Batting: RHB Brandon Everett
|
0-0: Fly out, F8 (Flyball, 8RD, EV 105.0 MPH) Runner from 3rd tags up, SCORES, throw by CF Norm Wood to third
|
Batting: RHB Nate Dabney
|
0-0: Ball 1-0: Ball 2-0: Ball 3-0: Called Strike 3-1: Foul Ball, location: 2F 3-2: Base on Balls
|
Batting: SHB Ronnie Lundy
|
0-0: Foul Ball, location: 2F 0-1: Ball 1-1: Ball 2-1: Ball 3-1: Ground out U3 (Groundball, 3, EV 86.9 MPH)
|
Bottom of the 1st over - 1 run, 1 hit, 0 errors, 2 left on base; Orem 4 - Detroit (APP) 1 |
TOP OF THE 2ND |
Orem Owlz batting - Pitching for Detroit (APP) Tigers : LHP Satoru Mori
|
Batting: RHB Jesse Sargent
|
0-0: Foul Ball, location: 2F 0-1: Foul Ball, location: 2F 0-2: Ball 1-2: Ball 2-2: Foul Ball, location: 2F 2-2: Strikes out swinging
|
Batting: SHB Marty Kuehn
|
0-0: Ball 1-0: Ball 2-0: Called Strike 2-1: Ball 3-1: Ground out 5-3 (Groundball, 5, EV 84.4 MPH)
|
Batting: RHB Daniel Molina
|
0-0: Foul Ball, location: 2F 0-1: Called Strike 0-2: Foul Ball, location: 2F 0-2: Ball 1-2: Ball 2-2: Ball 3-2: Fly out, F9 (Flyball, 89M, EV 66.9 MPH)
|
Top of the 2nd over - 0 runs, 0 hits, 0 errors, 0 left on base; Orem 4 - Detroit (APP) 1 |
BOTTOM OF THE 2ND |
Detroit (APP) Tigers batting - Pitching for Orem Owlz : RHP Hector Agudelo
|
Batting: RHB George Sonier
|
0-0: Called Strike 0-1: Swinging Strike 0-2: Strikes out swinging
|
Batting: RHB Yasutaka Yamasaki
|
0-0: Foul Ball, location: 2F 0-1: Called Strike 0-2: Ball 1-2: Ball 2-2: Strikes out swinging
|
Batting: SHB Salvador Lacosta
|
0-0: SINGLE (Line Drive, 8LS, EV 106.2 MPH)
|
Batting: LHB Timotheus Young
|
0-0: Ball 1-0: Called Strike 1-1: Called Strike 1-2: Foul Ball, location: 2F 1-2: Foul Ball, location: 2F 1-2: Strikes out swinging
|
Bottom of the 2nd over - 0 runs, 1 hit, 0 errors, 1 left on base; Orem 4 - Detroit (APP) 1 |
TOP OF THE 3RD |
Orem Owlz batting - Pitching for Detroit (APP) Tigers : LHP Satoru Mori
|
Batting: RHB Brian Spry
|
0-0: Ball 1-0: Called Strike 1-1: Swinging Strike 1-2: Ball 2-2: Strikes out swinging
|
Batting: RHB Aaron Bryant
|
0-0: Called Strike 0-1: Ball 1-1: Ball 2-1: DOUBLE (Line Drive, 7LS, EV 99.4 MPH)
|
Batting: RHB Ivan Barrientos
|
0-0: Called Strike 0-1: Ball 1-1: Ball 2-1: Foul Ball, location: 2F 2-2: Ball 3-2: Foul Ball, location: 2F 3-2: Base on Balls
|
Batting: SHB David Vigo
|
0-0: Swinging Strike 0-1: Foul Ball, location: 2F 0-2: Ball 1-2: Ball 2-2: Strikes out swinging
|
Batting: RHB Arnaud Derosiers
|
0-0: Ball 1-0: Ball 2-0: Ball 3-0: Base on Balls Aaron Bryant to third Ivan Barrientos to second
|
Pitching: RHP Matt Haberle
|
|
Batting: SHB Yuya Hirata
|
0-0: Ball 1-0: Foul Ball, location: 2F 1-1: Ball Wild Pitch! Aaron Bryant scores Ivan Barrientos to third Arnaud Derosiers to second 2-1: Ball Wild Pitch! Ivan Barrientos scores Arnaud Derosiers to third 3-1: Foul Ball, location: 2F 3-2: Base on Balls
|
Batting: RHB Jesse Sargent
|
0-0: Foul Ball, location: 2F 0-1: Foul Ball, location: 2F 0-2: Ground out 5-3 (Groundball, 56S, EV 86.2 MPH)
|
Top of the 3rd over - 2 runs, 1 hit, 0 errors, 2 left on base; Orem 6 - Detroit (APP) 1 |
BOTTOM OF THE 3RD |
Detroit (APP) Tigers batting - Pitching for Orem Owlz : RHP Hector Agudelo
|
Batting: RHB Kevin Steed
|
0-0: Ball 1-0: Ball 2-0: Foul Ball, location: 2F 2-1: Called Strike 2-2: Foul Ball, location: 2F 2-2: Ball 3-2: Base on Balls
|
Batting: RHB Norm Wood
|
0-0: Foul Ball, location: 2F 0-1: Ball 1-1: Ball 2-1: Grounds into double play, 5-4-3 (Groundball, 56, EV 88.1 MPH)
|
Batting: RHB Brandon Everett
|
0-0: Called Strike 0-1: Called Strike 0-2: Ball 1-2: DOUBLE (Line Drive, 7LM, EV 108.1 MPH)
|
Batting: RHB Nate Dabney
|
0-0: Called Strike 0-1: Ball 1-1: Foul Ball, location: 2F 1-2: Ground out 5-3 (Groundball, 5S, EV 70.6 MPH)
|
Bottom of the 3rd over - 0 runs, 1 hit, 0 errors, 1 left on base; Orem 6 - Detroit (APP) 1 |
TOP OF THE 4TH |
Orem Owlz batting - Pitching for Detroit (APP) Tigers : RHP Matt Haberle
|
Batting: SHB Marty Kuehn
|
0-0: Ball 1-0: Ball 2-0: Called Strike 2-1: Ground out 3-1 (Groundball, 34S, EV 85.0 MPH)
|
Batting: RHB Daniel Molina
|
0-0: Foul Ball, location: 2F 0-1: Ball 1-1: Ball 2-1: Ball 3-1: Called Strike 3-2: Base on Balls
|
Batting: RHB Brian Spry
|
0-0: Ball Wild Pitch! Daniel Molina to second 1-0: Called Strike 1-1: Foul Ball, location: 2F 1-2: Foul Ball, location: 2F 1-2: Ball 2-2: Foul Ball, location: 2F 2-2: Ball 3-2: SINGLE (Line Drive, 34D, EV 108.8 MPH) Daniel Molina to third
|
Batting: RHB Aaron Bryant
|
0-0: Called Strike Brian Spry steals 2nd base 0-1: Ball 1-1: SINGLE (Line Drive, 89M, EV 106.2 MPH) Daniel Molina scores Brian Spry to third Runner from 3rd tries for Home, throw by CF and OUT! 8-2
|
Batting: RHB Ivan Barrientos
|
0-0: Ball 1-0: Called Strike 1-1: Fielders Choice at 2nd, 6-4 (Groundball, 56D, EV 104.4 MPH)
|
Top of the 4th over - 1 run, 2 hits, 0 errors, 1 left on base; Orem 7 - Detroit (APP) 1 |
BOTTOM OF THE 4TH |
Detroit (APP) Tigers batting - Pitching for Orem Owlz : RHP Hector Agudelo
|
Batting: SHB Ronnie Lundy
|
0-0: Called Strike 0-1: Ground out 3-1 (Groundball, 34, EV 91.2 MPH)
|
Batting: RHB George Sonier
|
0-0: Foul Ball, location: 2F 0-1: Ball 1-1: Swinging Strike 1-2: Fly out, F9 (Flyball, 89M, EV 86.9 MPH)
|
Batting: RHB Yasutaka Yamasaki
|
0-0: Foul Ball, location: 2F 0-1: Foul Ball, location: 2F 0-2: Ball 1-2: Ball 2-2: Ball 3-2: Fly out, F9 (Flyball, 89M, EV 83.8 MPH)
|
Bottom of the 4th over - 0 runs, 0 hits, 0 errors, 0 left on base; Orem 7 - Detroit (APP) 1 |
TOP OF THE 5TH |
Orem Owlz batting - Pitching for Detroit (APP) Tigers : RHP Matt Haberle
|
Batting: SHB David Vigo
|
0-0: Ball 1-0: DOUBLE (Groundball, 5L, EV 107.5 MPH)
|
Batting: RHB Arnaud Derosiers
|
0-0: Ball 1-0: Ball 2-0: Ball 3-0: Base on Balls
|
Pitching: RHP Alex Amparo
|
|
Batting: SHB Yuya Hirata
|
0-0: Ball 1-0: Ball 2-0: Foul Ball, location: 2F 2-1: 3-RUN HOME RUN (Flyball, 7D, EV 95.0 MPH), Distance : 364 ft
|
Batting: RHB Jesse Sargent
|
0-0: Ball 1-0: Foul Ball, location: 2F 1-1: Ball 2-1: Ball 3-1: Swinging Strike 3-2: Foul Ball, location: 2F 3-2: Strikes out swinging
|
Batting: SHB Marty Kuehn
|
0-0: Ball 1-0: Ball 2-0: Called Strike 2-1: Ball 3-1: SINGLE (Groundball, 23, EV 66.9 MPH) (infield hit)
|
Batting: RHB Daniel Molina
|
0-0: Swinging Strike 0-1: Ball 1-1: Ball 2-1: Ball 3-1: Base on Balls Marty Kuehn to second
|
Batting: RHB Brian Spry
|
0-0: Ball 1-0: Called Strike 1-1: Called Strike 1-2: Ball 2-2: Foul Ball, location: 2F 2-2: Fly out, F7 (Flyball, 7, EV 88.8 MPH)
|
Batting: RHB Aaron Bryant
|
0-0: Foul Ball, location: 2F 0-1: Ball 1-1: Ball 2-1: Ball 3-1: Fly out, F7 (Flyball, 7LSF, EV 94.4 MPH)
|
Top of the 5th over - 3 runs, 3 hits, 0 errors, 2 left on base; Orem 10 - Detroit (APP) 1 |
BOTTOM OF THE 5TH |
Detroit (APP) Tigers batting - Pitching for Orem Owlz : RHP Hector Agudelo
|
Batting: SHB Salvador Lacosta
|
0-0: Ball 1-0: Ground out U3 (Groundball, 13, EV 80.6 MPH)
|
Batting: LHB Timotheus Young
|
0-0: Foul Ball, location: 2F 0-1: Ball 1-1: Swinging Strike 1-2: Ground out 6-3 (Groundball, 6, EV 88.8 MPH)
|
Batting: RHB Kevin Steed
|
0-0: Swinging Strike 0-1: Ball 1-1: Ball 2-1: Ball 3-1: Base on Balls
|
Pitching: LHP Yee Koh
|
|
Batting: RHB Norm Wood
|
0-0: Ball 1-0: 2-RUN HOME RUN (Flyball, 78XD, EV 98.8 MPH), Distance : 414 ft
|
Batting: RHB Brandon Everett
|
0-0: Ball 1-0: Ball 2-0: SINGLE (Line Drive, 89S, EV 92.5 MPH)
|
Batting: RHB Nate Dabney
|
0-0: Called Strike 0-1: Swinging Strike 0-2: Ball 1-2: Ball 2-2: Strikes out swinging
|
Bottom of the 5th over - 2 runs, 2 hits, 0 errors, 1 left on base; Orem 10 - Detroit (APP) 3 |
TOP OF THE 6TH |
Orem Owlz batting - Pitching for Detroit (APP) Tigers : RHP Alex Amparo
|
Pitching: LHP Jim Belcher
|
|
Batting: RHB Ivan Barrientos
|
0-0: Called Strike 0-1: Foul Ball, location: 2F 0-2: Fly out, F7 (Flyball, 78M, EV 91.2 MPH)
|
Batting: SHB David Vigo
|
0-0: Ball 1-0: Ball 2-0: Foul Ball, location: 2F 2-1: Foul Ball, location: 2F 2-2: Strikes out swinging
|
Batting: RHB Arnaud Derosiers
|
0-0: Ground out 6-3 (Groundball, 6, EV 105.6 MPH)
|
Top of the 6th over - 0 runs, 0 hits, 0 errors, 0 left on base; Orem 10 - Detroit (APP) 3 |
BOTTOM OF THE 6TH |
Detroit (APP) Tigers batting - Pitching for Orem Owlz : LHP Yee Koh
|
Batting: SHB Ronnie Lundy
|
0-0: Ground out 4-3 (Groundball, 4, EV 87.5 MPH)
|
Batting: RHB George Sonier
|
0-0: Ball 1-0: Ball 2-0: Ball 3-0: Called Strike 3-1: Foul Ball, location: 2F 3-2: SINGLE (Flyball, 7S, EV 95.0 MPH)
|
Batting: RHB Yasutaka Yamasaki
|
0-0: Ball 1-0: Called Strike 1-1: Ball 2-1: Foul Ball, location: 2F 2-2: Ball 3-2: Base on Balls George Sonier to second
|
Pitching: RHP Jeff Shelton
|
|
Batting: SHB Salvador Lacosta
|
0-0: Foul Ball, location: 2F 0-1: Foul Ball, location: 2F 0-2: Foul Ball, location: 2F 0-2: Ball 1-2: Strikes out swinging
|
Batting: LHB Timotheus Young
|
0-0: Called Strike 0-1: Ball 1-1: Ball 2-1: Swinging Strike 2-2: Ball Passed Ball! George Sonier to third Yasutaka Yamasaki to second 3-2: Base on Balls
|
Batting: RHB Kevin Steed
|
0-0: Foul Ball, location: 2F 0-1: SINGLE (Line Drive, 8LS, EV 108.8 MPH) George Sonier scores Yasutaka Yamasaki to third Timotheus Young to second Runner from 3rd tries for Home, SAFE, throw by CF to home
|
Batting: RHB Norm Wood
|
0-0: Foul Ball, location: 2F 0-1: Ball 1-1: Ball 2-1: Ball 3-1: DOUBLE (Line Drive, 89D, EV 107.5 MPH) Timotheus Young scores Kevin Steed to third Runner from 3rd tries for Home, SAFE, throw by CF to trailing runner, OUT at third! 8-3-5
|
Bottom of the 6th over - 4 runs, 3 hits, 0 errors, 0 left on base; Orem 10 - Detroit (APP) 7 |
TOP OF THE 7TH |
Orem Owlz batting - Pitching for Detroit (APP) Tigers : LHP Jim Belcher
|
Batting: SHB Yuya Hirata
|
0-0: Called Strike 0-1: Ball 1-1: Ground out 5-3 (Groundball, 56S, EV 85.6 MPH)
|
Batting: RHB Jesse Sargent
|
0-0: Ball 1-0: Foul Ball, location: 2F 1-1: Ball 2-1: Fly out, F9 (Flyball, 9LD, EV 96.9 MPH)
|
Batting: SHB Marty Kuehn
|
0-0: Called Strike 0-1: Ball 1-1: Called Strike 1-2: Strikes out looking
|
Top of the 7th over - 0 runs, 0 hits, 0 errors, 0 left on base; Orem 10 - Detroit (APP) 7 |
BOTTOM OF THE 7TH |
Detroit (APP) Tigers batting - Pitching for Orem Owlz : RHP Jeff Shelton
|
Pitching: RHP Victor Padilla
|
|
Now in CF: Carlos Gonzales
|
|
Now in RF: Ivan Barrientos
|
|
Batting: RHB Brandon Everett
|
0-0: SINGLE (Groundball, 6D, EV 106.2 MPH)
|
Batting: RHB Nate Dabney
|
0-0: Ball 1-0: Ball 2-0: Fly out, F9 (Flyball, 89S, EV 95.0 MPH)
|
Batting: SHB Ronnie Lundy
|
0-0: SINGLE (Groundball, 6MD, EV 104.4 MPH) Brandon Everett to second
|
Batting: RHB George Sonier
|
0-0: Called Strike 0-1: Ball 1-1: Ball 2-1: Swinging Strike 2-2: Fly out, F8 (Flyball, 89S, EV 78.1 MPH)
|
Pinch Hitting: RHB Ernst Meloche
|
0-0: Called Strike 0-1: Hit by Pitch Brandon Everett to third Ronnie Lundy to second
|
Batting: SHB Salvador Lacosta
|
0-0: Ground out U3 (Groundball, 3L, EV 88.1 MPH)
|
Bottom of the 7th over - 0 runs, 2 hits, 0 errors, 3 left on base; Orem 10 - Detroit (APP) 7 |
TOP OF THE 8TH |
Orem Owlz batting - Pitching for Detroit (APP) Tigers : LHP Jim Belcher
|
Pitching: RHP Mike Santana
|
|
Now in RF: Seth Fox
|
|
Batting: RHB Carlos Gonzales
|
0-0: Called Strike 0-1: Ball 1-1: Ball 2-1: Called Strike 2-2: Foul Ball, location: 2F 2-2: Foul Ball, location: 2F 2-2: Foul Ball, location: 2F 2-2: Foul Ball, location: 2F 2-2: Foul Ball, location: 2F 2-2: Ball 3-2: Fly out, F7 (Flyball, 7LM, EV 96.2 MPH)
|
Batting: RHB Brian Spry
|
0-0: Called Strike 0-1: Fly out, F6 (Popup, 6MS, EV 66.2 MPH)
|
Batting: RHB Aaron Bryant
|
0-0: Ball 1-0: Ball 2-0: Called Strike 2-1: SINGLE (Line Drive, 3D, EV 104.4 MPH)
|
Batting: RHB Ivan Barrientos
|
0-0: Ball 1-0: Ball 2-0: Ball 3-0: Called Strike 3-1: DOUBLE (Line Drive, 89D, EV 98.8 MPH) Aaron Bryant to third
|
Batting: SHB David Vigo
|
0-0: Ball 1-0: Foul Ball, location: 2F 1-1: Hit by Pitch
|
Batting: RHB Arnaud Derosiers
|
0-0: Ball 1-0: Called Strike 1-1: DOUBLE (Line Drive, 7LM, EV 113.1 MPH) Aaron Bryant scores Ivan Barrientos scores David Vigo to third
|
Pitching: RHP Bert Hernandez
|
|
Batting: SHB Yuya Hirata
|
0-0: Foul Ball, location: 2F 0-1: Foul Ball, location: 2F 0-2: Foul Ball, location: 2F 0-2: SINGLE (Groundball, 4MS, EV 75.6 MPH) (infield hit) David Vigo scores Arnaud Derosiers to third
|
Batting: RHB Jesse Sargent
|
0-0: SINGLE (Line Drive, 34D, EV 101.2 MPH) Arnaud Derosiers scores Yuya Hirata to second
|
Batting: SHB Marty Kuehn
|
0-0: Ball 1-0: Called Strike 1-1: Ball 2-1: Ball 3-1: Swinging Strike 3-2: Foul Ball, location: 2F 3-2: Ground out U3 (Groundball, 34, EV 88.1 MPH)
|
Top of the 8th over - 4 runs, 5 hits, 0 errors, 2 left on base; Orem 14 - Detroit (APP) 7 |
BOTTOM OF THE 8TH |
Detroit (APP) Tigers batting - Pitching for Orem Owlz : RHP Victor Padilla
|
Pinch Hitting: LHB Isao Fukui
|
0-0: Swinging Strike 0-1: Ball 1-1: Swinging Strike 1-2: Ground out U3 (Groundball, 34, EV 98.8 MPH)
|
Batting: RHB Kevin Steed
|
0-0: Ball 1-0: Called Strike 1-1: SINGLE (Groundball, 6MD, EV 108.1 MPH)
|
Pitching: RHP Jerry Romero
|
|
Batting: RHB Norm Wood
|
0-0: Ball 1-0: Called Strike 1-1: Foul Ball, location: 2F 1-2: SINGLE (Groundball, 56D, EV 96.2 MPH) Kevin Steed to second
|
Batting: RHB Brandon Everett
|
0-0: Ball 1-0: Ball 2-0: SINGLE (Groundball, 4D, EV 95.6 MPH) Kevin Steed to third Norm Wood to second
|
Batting: RHB Nate Dabney
|
0-0: Ball 1-0: Ball 2-0: Called Strike 2-1: Ball 3-1: Called Strike 3-2: Strikes out swinging
|
Batting: SHB Ronnie Lundy
|
0-0: Ball 1-0: Foul Ball, location: 2F 1-1: Ball 2-1: Ball 3-1: Fielders Choice at 2nd, 5-4 (Groundball, 5, EV 80.6 MPH)
|
Bottom of the 8th over - 0 runs, 3 hits, 0 errors, 3 left on base; Orem 14 - Detroit (APP) 7 |
TOP OF THE 9TH |
Orem Owlz batting - Pitching for Detroit (APP) Tigers : RHP Bert Hernandez
|
Now in CF: Seth Fox
|
|
Now in RF: Isao Fukui
|
|
Batting: RHB Carlos Gonzales
|
0-0: Ball 1-0: Swinging Strike 1-1: Foul Ball, location: 2F 1-2: Strikes out swinging
|
Batting: RHB Brian Spry
|
0-0: Ball 1-0: Ball 2-0: Ball 3-0: Base on Balls
|
Batting: RHB Aaron Bryant
|
0-0: Called Strike Brian Spry steals 2nd base 0-1: Ground out 3-1 (Groundball, 34, EV 100.6 MPH) Brian Spry to third
|
Batting: RHB Ivan Barrientos
|
0-0: Ground out U3 (Groundball, 3, EV 92.5 MPH)
|
Top of the 9th over - 0 runs, 0 hits, 0 errors, 1 left on base; Orem 14 - Detroit (APP) 7 |
BOTTOM OF THE 9TH |
Detroit (APP) Tigers batting - Pitching for Orem Owlz : RHP Jerry Romero
|
Pitching: RHP Kunihiro Sasaki
|
|
Batting: RHB George Sonier
|
0-0: Ball 1-0: SINGLE (Line Drive, 4D, EV 98.8 MPH)
|
Batting: RHB Seth Fox
|
0-0: Foul Ball, location: 2F 0-1: Ball 1-1: SINGLE (Line Drive, 56D, EV 103.1 MPH) George Sonier to second
|
Pinch Hitting: LHB Glen Boyle
|
0-0: Called Strike 0-1: Ball 1-1: Ball 2-1: Ball 3-1: Base on Balls George Sonier to third Seth Fox to second
|
Batting: LHB Isao Fukui
|
0-0: Ball 1-0: Ball 2-0: Ball 3-0: Base on Balls George Sonier scores Seth Fox to third Glen Boyle to second
|
Batting: RHB Kevin Steed
|
0-0: Called Strike 0-1: Foul Ball, location: 2F 0-2: Ball 1-2: Strikes out swinging
|
Pitching: RHP Arnold Frye
|
|
Batting: RHB Norm Wood
|
0-0: Grounds into fielders choice 1-2 (Groundball, 13S, EV 66.2 MPH) Glen Boyle to third Isao Fukui to second
|
Batting: RHB Brandon Everett
|
0-0: Ball 1-0: Called Strike 1-1: Ball 2-1: Swinging Strike 2-2: Ball 3-2: Ground out 6-3 (Groundball, 6, EV 95.6 MPH)
|
Bottom of the 9th over - 1 run, 2 hits, 0 errors, 3 left on base; Orem 14 - Detroit (APP) 8 |
|